3R
SHADY SIDE ZOOMIES @ NORTHWEST TERRITORY BEAVERS
08/02/2041
 
TOP OF THE 1ST
Shady Side Zoomies batting - Pitching for Northwest Territory Beavers : LHP Josh Gentry
Pitching: LHP Josh Gentry
Batting: RHB Jack Mayes 0-0: Ball
1-0: Swinging Strike
1-1: Called Strike
1-2: Strikes out swinging
Batting: RHB José Calderón 0-0: Ball
1-0: Called Strike
1-1: Ball
2-1: Ball
3-1: SINGLE (Groundball, 34, EV 81.9 MPH) (infield hit)
Batting: RHB Rubén Camacho 0-0: Ball
1-0: Swinging Strike
1-1: Foul Ball, location: 2F
1-2: Foul Ball, location: 2F
1-2: Ball
2-2: Foul Ball, location: 2F
2-2: Strikes out swinging
Batting: RHB Dave Hall 0-0: Swinging Strike
0-1: Called Strike
0-2: Ball
1-2: Ball
2-2: Foul Ball, location: 2F
2-2: Foul Ball, location: 2F
2-2: Ball
3-2: Ground out 4-3 (Groundball, 4, EV 90.6 MPH)
Top of the 1st over - 0 runs, 1 hit, 0 errors, 1 left on base; Shady Side 0 - Northwest Territory 0
BOTTOM OF THE 1ST
Northwest Territory Beavers batting - Pitching for Shady Side Zoomies : LHP Brian Thomas
Pitching: LHP Brian Thomas
Batting: RHB Art Hensley 0-0: Ground out U3 (Groundball, 34, EV 87.5 MPH)
Batting: RHB Rich Kelley 0-0: Foul Ball, location: 2F
0-1: Called Strike
0-2: Ball
1-2: Strikes out looking
Batting: RHB Bang-xao Li 0-0: Foul Ball, location: 2F
0-1: Ball
1-1: Ball
2-1: Ball
3-1: Called Strike
3-2: Fly out, F8 (Flyball, 8LM, EV 84.4 MPH)
Bottom of the 1st over - 0 runs, 0 hits, 0 errors, 0 left on base; Shady Side 0 - Northwest Territory 0
TOP OF THE 2ND
Shady Side Zoomies batting - Pitching for Northwest Territory Beavers : LHP Josh Gentry
Batting: LHB Steef Janse 0-0: Called Strike
0-1: Ground out 6-3 (Groundball, 6, EV 84.4 MPH)
Batting: RHB Mike Sackett 0-0: Called Strike
0-1: SINGLE (Flyball, 8RS, EV 98.8 MPH)
Batting: LHB Jeremy Payne 0-0: Swinging Strike
0-1: Fielders Choice at 2nd, 6-4 (Groundball, 6M, EV 86.2 MPH)
Batting: SHB Kazuyuki Yagi 0-0: Ball
1-0: Fly out, F9 (Flyball, 9S, EV 79.4 MPH)
Top of the 2nd over - 0 runs, 1 hit, 0 errors, 1 left on base; Shady Side 0 - Northwest Territory 0
BOTTOM OF THE 2ND
Northwest Territory Beavers batting - Pitching for Shady Side Zoomies : LHP Brian Thomas
Batting: LHB Mies Lumme 0-0: Ball
1-0: Ball
2-0: Ball
3-0: Base on Balls
Batting: RHB Benigno Bachelay 0-0: Called Strike
0-1: Ball
1-1: Ball
2-1: Ground out 6-3 (Groundball, 6, EV 86.2 MPH)
Mies Lumme to second
Batting: LHB Fernan Espinoza 0-0: Ball
1-0: Foul Ball, location: 2F
1-1: Foul Ball, location: 2F
1-2: Ball
2-2: Ground out 4-3 (Groundball, 34, EV 110.6 MPH)
Mies Lumme to third
Batting: RHB Rodrigo Martínez 0-0: Called Strike
0-1: Ball
Wild Pitch!
Mies Lumme scores
1-1: Fly out, F4 (Popup, 4, EV 71.2 MPH)
Bottom of the 2nd over - 1 run, 0 hits, 0 errors, 0 left on base; Shady Side 0 - Northwest Territory 1
TOP OF THE 3RD
Shady Side Zoomies batting - Pitching for Northwest Territory Beavers : LHP Josh Gentry
Batting: RHB António Ruíz 0-0: Called Strike
0-1: Foul Ball, location: 2F
0-2: Strikes out swinging
Batting: RHB Jack Mayes 0-0: Called Strike
0-1: Ball
1-1: Ball
2-1: Ball
3-1: Called Strike
3-2: Foul Ball, location: 2F
3-2: Ground out 6-3 (Groundball, 6, EV 83.1 MPH)
Batting: RHB José Calderón 0-0: Ball
1-0: Called Strike
1-1: Ball
2-1: Ball
3-1: Called Strike
3-2: Strikes out swinging
Top of the 3rd over - 0 runs, 0 hits, 0 errors, 0 left on base; Shady Side 0 - Northwest Territory 1
BOTTOM OF THE 3RD
Northwest Territory Beavers batting - Pitching for Shady Side Zoomies : LHP Brian Thomas
Batting: RHB Bartolo Cortéz 0-0: Called Strike
0-1: Swinging Strike
0-2: Ground out 5-3 (Groundball, 5, EV 101.2 MPH)
Batting: RHB John Warren 0-0: Ground out 6-3 (Groundball, 6, EV 90.6 MPH)
Batting: RHB Art Hensley 0-0: Ball
1-0: Ball
2-0: Ball
3-0: Base on Balls
Batting: RHB Rich Kelley 0-0: Called Strike
0-1: Fielders Choice at 2nd, 5-4 (Groundball, 5L, EV 91.2 MPH)
Bottom of the 3rd over - 0 runs, 0 hits, 0 errors, 1 left on base; Shady Side 0 - Northwest Territory 1
TOP OF THE 4TH
Shady Side Zoomies batting - Pitching for Northwest Territory Beavers : LHP Josh Gentry
Batting: RHB Rubén Camacho 0-0: Ball
1-0: Called Strike
1-1: Ball
2-1: Ball
3-1: Base on Balls
Batting: RHB Dave Hall 0-0: Ball
1-0: Ball
2-0: Ball
3-0: Called Strike
3-1: Called Strike
3-2: Foul Ball, location: 2F
3-2: Strikes out looking
Batting: LHB Steef Janse 0-0: DOUBLE (Line Drive, 78D, EV 105.6 MPH)
Rubén Camacho to third
Batting: RHB Mike Sackett 0-0: Ball
1-0: Ball
2-0: Ball
3-0: Called Strike
3-1: Fly out, F9 (Flyball, 89M, EV 79.4 MPH)
Runner from 3rd tags up, OUT at HOME! 9-2
Top of the 4th over - 0 runs, 1 hit, 0 errors, 1 left on base; Shady Side 0 - Northwest Territory 1
BOTTOM OF THE 4TH
Northwest Territory Beavers batting - Pitching for Shady Side Zoomies : LHP Brian Thomas
Batting: RHB Bang-xao Li 0-0: Ball
1-0: Called Strike
1-1: Ball
2-1: Fly out, F8 (Flyball, 8RM, EV 84.4 MPH)
Batting: LHB Mies Lumme 0-0: Called Strike
0-1: Ball
1-1: Called Strike
1-2: Foul Ball, location: 2F
1-2: Strikes out looking
Batting: RHB Benigno Bachelay 0-0: Ball
1-0: Ball
2-0: SINGLE (Groundball, 56D, EV 101.2 MPH)
Batting: LHB Fernan Espinoza 0-0: Fly out, F6 (Line Drive, 6, EV 67.5 MPH)
Bottom of the 4th over - 0 runs, 1 hit, 0 errors, 1 left on base; Shady Side 0 - Northwest Territory 1
TOP OF THE 5TH
Shady Side Zoomies batting - Pitching for Northwest Territory Beavers : LHP Josh Gentry
Batting: LHB Jeremy Payne 0-0: Bunt missed!
0-1: Ball
1-1: SINGLE (Groundball, 5L, EV 102.5 MPH)
Batting: SHB Kazuyuki Yagi 0-0: Ball
Jeremy Payne is caught stealing 2nd base 2-4
1-0: Ball
2-0: Ball
3-0: Hit by Pitch
Batting: RHB António Ruíz 0-0: Foul Ball, location: 2F
0-1: Called Strike
0-2: Ball
Kazuyuki Yagi is caught stealing 2nd base 2-4
1-2: Foul Ball, location: 2F
1-2: Ball
2-2: Ball
3-2: Strikes out swinging
Top of the 5th over - 0 runs, 1 hit, 0 errors, 0 left on base; Shady Side 0 - Northwest Territory 1
BOTTOM OF THE 5TH
Northwest Territory Beavers batting - Pitching for Shady Side Zoomies : LHP Brian Thomas
Batting: RHB Rodrigo Martínez 0-0: Ball
1-0: Ball
2-0: Bunt for hit to 15S - play at first, batter safe!
Batting: RHB Bartolo Cortéz 0-0: SINGLE (Line Drive, 4MD, EV 96.9 MPH)
Rodrigo Martínez to second
Rodrigo Martínez to third
Batting: RHB John Warren 0-0: Called Strike
0-1: Called Strike
0-2: Strikes out swinging
Batting: RHB Art Hensley 0-0: Ball
1-0: DOUBLE (Flyball, 78D, EV 90.0 MPH)
Rodrigo Martínez scores
Bartolo Cortéz to third
Batting: RHB Rich Kelley 0-0: Called Strike
0-1: Fly out, F9 (Flyball, 9S, EV 91.9 MPH)
Batting: RHB Bang-xao Li 0-0: Ball
1-0: Swinging Strike
1-1: Ball
2-1: Called Strike
2-2: Ball
3-2: Fly out, F9 (Flyball, 9S, EV 79.4 MPH)
Bottom of the 5th over - 1 run, 3 hits, 0 errors, 2 left on base; Shady Side 0 - Northwest Territory 2
TOP OF THE 6TH
Shady Side Zoomies batting - Pitching for Northwest Territory Beavers : LHP Josh Gentry
Batting: RHB Jack Mayes 0-0: Ground out 1-3 (Groundball, 34S, EV 89.4 MPH)
Batting: RHB José Calderón 0-0: Swinging Strike
0-1: Ball
1-1: Ball
2-1: Fly out, F9 (Line Drive, 9D, EV 92.5 MPH)
Batting: RHB Rubén Camacho 0-0: Ball
1-0: Ball
2-0: SINGLE (Groundball, 6MD, EV 97.5 MPH)
Batting: RHB Dave Hall 0-0: Ball
1-0: Ball
2-0: Called Strike
2-1: Fly out, F4 (Popup, 4M, EV 71.2 MPH)
Top of the 6th over - 0 runs, 1 hit, 0 errors, 1 left on base; Shady Side 0 - Northwest Territory 2
BOTTOM OF THE 6TH
Northwest Territory Beavers batting - Pitching for Shady Side Zoomies : LHP Brian Thomas
Batting: LHB Mies Lumme 0-0: Ball
1-0: Called Strike
1-1: Called Strike
1-2: Foul Ball, location: 2F
1-2: Strikes out swinging
Batting: RHB Benigno Bachelay 0-0: Foul Ball, location: 2F
0-1: Foul Ball, location: 2F
0-2: Strikes out swinging
Batting: LHB Fernan Espinoza 0-0: Fly out, F4 (Popup, 4MD, EV 59.4 MPH)
Bottom of the 6th over - 0 runs, 0 hits, 0 errors, 0 left on base; Shady Side 0 - Northwest Territory 2
TOP OF THE 7TH
Shady Side Zoomies batting - Pitching for Northwest Territory Beavers : LHP Josh Gentry
Pitching: LHP Eugene Kinney
Batting: LHB Steef Janse 0-0: Fly out, F2 (Popup, 2LF, EV 97.5 MPH)
Batting: RHB Mike Sackett 0-0: Called Strike
0-1: Foul Ball, location: 2F
0-2: Ball
1-2: Ground out 5-3 (Groundball, 5, EV 80.6 MPH)
Batting: LHB Jeremy Payne 0-0: Called Strike
0-1: Swinging Strike
0-2: Strikes out looking
Top of the 7th over - 0 runs, 0 hits, 0 errors, 0 left on base; Shady Side 0 - Northwest Territory 2
BOTTOM OF THE 7TH
Northwest Territory Beavers batting - Pitching for Shady Side Zoomies : LHP Brian Thomas
Batting: RHB Rodrigo Martínez 0-0: Ball
1-0: Called Strike
1-1: Foul Ball, location: 2F
1-2: Fly out, F9 (Flyball, 9LS, EV 92.5 MPH)
Batting: RHB Bartolo Cortéz 0-0: Foul Ball, location: 2F
0-1: Ball
1-1: Called Strike
1-2: Strikes out looking
Batting: RHB John Warren 0-0: Ball
1-0: Called Strike
1-1: SINGLE (Groundball, 6MD, EV 106.9 MPH)
Batting: RHB Art Hensley 0-0: Ball
1-0: Called Strike
1-1: Swinging Strike
1-2: Ball
2-2: DOUBLE (Line Drive, 78D, EV 106.2 MPH)
John Warren to third
Runner from 3rd tries for Home, SAFE, throw by LF to home
Pitching: LHP Chris McGee
Batting: RHB Rich Kelley 0-0: Ball
1-0: Called Strike
1-1: Ball
2-1: Called Strike
2-2: Strikes out swinging
Bottom of the 7th over - 1 run, 2 hits, 0 errors, 1 left on base; Shady Side 0 - Northwest Territory 3
TOP OF THE 8TH
Shady Side Zoomies batting - Pitching for Northwest Territory Beavers : LHP Eugene Kinney
Batting: SHB Kazuyuki Yagi 0-0: Ball
1-0: Ball
2-0: Foul Ball, location: 2F
2-1: Foul Ball, location: 2F
2-2: SINGLE (Line Drive, 6MD, EV 97.5 MPH)
Batting: RHB António Ruíz 0-0: SINGLE (Groundball, 56D, EV 98.8 MPH)
Kazuyuki Yagi to second
Batting: RHB Jack Mayes 0-0: Called Strike
0-1: Foul Ball, location: 2F
0-2: Ball
1-2: Strikes out swinging
Batting: RHB José Calderón 0-0: Called Strike
0-1: Ball
1-1: Ball
2-1: Ball
3-1: Fly out, F5 (Popup, 56, EV 81.2 MPH)
Batting: RHB Rubén Camacho 0-0: Ball
1-0: Swinging Strike
1-1: Ball
2-1: SINGLE (Groundball, 4D, EV 94.4 MPH)
Kazuyuki Yagi to third
António Ruíz to second
Runner from 3rd tries for Home, SAFE, no throw by CF
Pitching: RHP Ray White
Batting: RHB Dave Hall 0-0: Ball
1-0: Foul Ball, location: 2F
1-1: Foul Ball, location: 2F
1-2: SINGLE (Line Drive, 6D, EV 97.5 MPH)
António Ruíz to third
Rubén Camacho to second
Runner from 3rd tries for Home, SAFE, no throw by LF
Batting: LHB Steef Janse 0-0: Ball
1-0: Foul Ball, location: 2F
1-1: Fly out, F9 (Flyball, 89D, EV 95.6 MPH)
Top of the 8th over - 2 runs, 4 hits, 0 errors, 2 left on base; Shady Side 2 - Northwest Territory 3
BOTTOM OF THE 8TH
Northwest Territory Beavers batting - Pitching for Shady Side Zoomies : LHP Chris McGee
Batting: RHB Bang-xao Li 0-0: Ball
1-0: Swinging Strike
1-1: Ball
2-1: Fly out, F8 (Flyball, 89M, EV 90.6 MPH)
Batting: LHB Mies Lumme 0-0: Called Strike
0-1: Foul Ball, location: 2F
0-2: Strikes out swinging
Batting: RHB Benigno Bachelay 0-0: Ground out 4-3 (Groundball, 4M, EV 90.6 MPH)
Bottom of the 8th over - 0 runs, 0 hits, 0 errors, 0 left on base; Shady Side 2 - Northwest Territory 3
TOP OF THE 9TH
Shady Side Zoomies batting - Pitching for Northwest Territory Beavers : RHP Ray White
Pitching: RHP Claude Richardson
Pinch Hitting: LHB Stan James 0-0: Ball
1-0: Ground out U3 (Groundball, 3, EV 82.5 MPH)
Batting: LHB Jeremy Payne 0-0: Ball
1-0: Ball
2-0: Swinging Strike
2-1: Ball
3-1: Fly out, F8 (Flyball, 8LD, EV 98.8 MPH)
Batting: SHB Kazuyuki Yagi 0-0: Ball
1-0: Called Strike
1-1: Foul Ball, location: 2F
1-2: Ball
2-2: Ball
3-2: Foul Ball, location: 2F
3-2: Base on Balls
Pinch Hitting: LHB Martín Flores 0-0: Ball
1-0: Hit by Pitch
Kazuyuki Yagi to second
Batting: RHB Jack Mayes 0-0: Called Strike
0-1: Foul Ball, location: 2F
0-2: Ball
1-2: Ball
2-2: SINGLE (Groundball, 6MD, EV 109.4 MPH)
Kazuyuki Yagi to third
Martín Flores to second
Runner from 3rd tries for Home, SAFE, no throw by CF
Batting: RHB José Calderón 0-0: Called Strike
0-1: Foul Ball, location: 2F
0-2: Foul Ball, location: 2F
0-2: Ball
1-2: Strikes out looking
Top of the 9th over - 1 run, 1 hit, 0 errors, 2 left on base; Shady Side 3 - Northwest Territory 3
BOTTOM OF THE 9TH
Northwest Territory Beavers batting - Pitching for Shady Side Zoomies : LHP Chris McGee
Now at C: Felipe Guzmán
Now at 2B: Jackson Duffy
Batting: LHB Fernan Espinoza 0-0: Ball
1-0: Called Strike
1-1: Ball
2-1: Foul Ball, location: 2F
2-2: Foul Ball, location: 2F
2-2: Foul Ball, location: 2F
2-2: Foul Ball, location: 2F
2-2: SINGLE (Groundball, 56D, EV 102.5 MPH)
Batting: RHB Rodrigo Martínez 0-0: Bunted foul
0-1: Sac Bunt to 3S - play at first, batter OUT! 3-1
Fernan Espinoza to second
Pinch Hitting: RHB Jeffrey Turner 0-0: Intentional Walk
Batting: RHB John Warren 0-0: SINGLE (Line Drive, 78S, EV 97.5 MPH)
Fernan Espinoza to third
Jeffrey Turner to second
Runner from 3rd tries for Home, SAFE, throw by LF to home
Tuesday, January 5th, 2021 - OOTP Baseball 20.8 Build 74